 Dungeon Crawl Stone Soup version 0.17.1-1-g73c8601 (webtiles) character file.

138 shmeve the Cudgeler (level 5, -5/53 HPs)
             Began as a Troll Berserker on Apr 18, 2016.
             Was a Believer of Trog.
             Shot with an arrow by a centaur (8 damage)
             ... on level 3 of the Dungeon.
             The game lasted 00:04:29 (1573 turns).

shmeve the Cudgeler (Troll Berserker)               Turns: 1573, Time: 00:04:29

Health: -5/53      AC:  6    Str: 25    XL:     5   Next: 1%
Magic:  4/4        EV: 10    Int:  4    God:    Trog [**....]
Gold:   149        SH:  0    Dex:  9    Spells: 0 memorised, 4 levels left

rFire  + . .     SeeInvis .     a - +0 mace
rCold  . . .     Clarity  .     k - +0 robe {rF+}
rNeg   . . .     SustAt   .     (no shield)
rPois  .         Gourm    +     (helmet restricted)
rElec  .         Spirit   .     j - +0 cloak
rCorr  .         Warding  .     (gloves unavailable)
rMut   .         Stasis   .     (boots unavailable)
MR     .....                    (no amulet)
Stlth  +.........               (no ring)
                                (no ring)

@: not resistant to hostile enchantments, very unstealthy
A: unfitting armour, claws 3, fast metabolism 3, gourmand, regeneration 2,
shaggy fur 1, tough skin 2
a: Berserk, Trog's Hand, Burn Spellbooks, Renounce Religion


You were on level 3 of the Dungeon.
You worshipped Trog.
Trog was pleased with you.
You were very full.

You visited 1 branch of the dungeon, and saw 3 of its levels.

You collected 149 gold pieces.

Inventory:

Hand Weapons
 a - a +0 mace (weapon)
Armour
 j - a +0 cloak (worn)
 k - a +0 robe of fire resistance (worn)
Scrolls
 e - a scroll of fear {unknown}
 f - a scroll of random uselessness {unknown}
 g - a scroll of blinking {unknown}
 h - 7 scrolls of identify {unknown}
 i - a scroll of remove curse {unknown}
Potions
 d - a potion of haste {unknown}
Comestibles
 c - 4 bread rations


   Skills:
 * Level 3.3 Fighting
 * Level 3.6 Maces & Flails
 + Level 1.3 Throwing
 + Level 0.7 Armour
 * Level 2.9 Dodging


You had 4 spell levels left.
You didn't know any spells.

Dungeon Overview and Level Annotations

Branches:
Dungeon (3/15)

Altars:
Nemelex Xobeh


Innate Abilities, Weirdness & Mutations

You are too large for most types of armour.
You have claws for hands.
Your metabolism is lightning-fast.
You like to eat raw meat.
You heal very quickly.
You are covered in fur (AC +1).
You have very tough skin (AC +2).


Message History

You closely miss the kobold. The kobold hits you but does no damage.
You sock the kobold!
You kill the kobold!
Trog accepts your kill.
You see here a kobold corpse.
Found a sparkling altar of Nemelex Xobeh.
A centaur comes into view.
The centaur shouts!
The centaur wields a shortbow.
The centaur shoots an arrow.
The arrow hits you!
You see here an arrow.
The centaur shoots an arrow.
The arrow hits you!
The centaur shoots an arrow.
The arrow hits you!
Found a shortbow and a whip.
An orc comes into view. It is wielding a whip.
You see here an arrow.
The centaur shoots an arrow.
The arrow hits you!
* * * LOW HITPOINT WARNING * * *
You see here an arrow.
The centaur shoots an arrow.
The arrow hits you!
You die...

.#### ###. ....#
...#####..).#
.##..........##
....#..c....o. #
#..........# #
.##..#......)# #
.......@.....# #####
####...(...### #..(.
##..(#### ###.###
##...(# #...# # ##⌠.⌠..#
####.### # #.._...#
#..)..# ##.⌠.⌠..#
#.##..# #
#..#....#######.##..# #
..............#.#...####


You could see a centaur and an orc (wandering).

Vanquished Creatures
  An orc priest (D:3)
  4 adders
  A worm (D:2)
  A giant gecko (D:2)
  3 orcs (D:3)
  4 bats
  2 giant cockroaches (D:1)
  5 goblins
  7 hobgoblins
  10 jackals
  9 kobolds
  A ball python (D:3)
  4 giant newts
  3 quokkas
  4 rats
59 creatures vanquished.

Notes
Turn   | Place    | Note
--------------------------------------------------------------
     0 | D:1      | shmeve the Troll Berserker began the quest for the Orb.
     0 | D:1      | Reached XP level 1. HP: 22/22 MP: 0/0
   124 | D:1      | Reached XP level 2. HP: 27/29 MP: 1/1
   277 | D:1      | Reached skill level 3 in Maces & Flails
   400 | D:1      | Reached ** piety under Trog
   669 | D:2      | Reached XP level 3. HP: 36/36 MP: 2/2
   815 | D:2      | Reached skill level 1 in Throwing
   933 | D:2      | Reached XP level 4. HP: 41/45 MP: 3/3
  1488 | D:3      | Reached XP level 5. HP: 47/53 MP: 4/4
  1560 | D:3      | Found a sparkling altar of Nemelex Xobeh.
  1570 | D:3      | Noticed a centaur
  1572 | D:3      | HP: 2/53 [centaur/arrow (14)]
  1573 | D:3      | Shot with an arrow by a centaur

Action                   |  1- 3 |  4- 6 || total
-------------------------+-------+-------++-------
Melee: Mace              |    93 |    39 ||   132
Throw: Throwing net      |     2 |       ||     2
Invok: Berserk           |     3 |     1 ||     4
       Trog's Hand       |       |     1 ||     1
 Stab: Sleeping          |       |     1 ||     1
  Eat: Chunk             |    18 |     6 ||    24
